Map: Abiogenesis LE

Players

Juxtapose - Winner!

  • Race: Terran Terran
  • League: Platinum
  • Spawn Location: 11:00

A.I. 1 (Hard)

  • Race: Protoss Protoss
  • Spawn Location: 5:00

VOD

https://youtu.be/-di9f-dELZE

Description

I love this map as I'm a fan of rush-type gameplay, though I overestimate the AI here.

Whenever I see the natural not taken around the right time, I assume early aggression, which didn't happen of course.

Regardless, this was a fun match.

Time

  • Played on: April 14, 2018, 4:17 p.m.
  • Length: 8:25
Show
View Real Time Build Order
Export as new Build Order

Juxtapose Terran - Winner!

Build Orders:  

Get SALT Encoding   

  12  0:01  SCV  
  13  0:13  SCV  
  14  0:21  Supply Depot  
  14  0:25  SCV  
  15  0:36  Supply Depot  
  15  0:43  SCV  
  15  0:49  Barracks  
  16  0:55  SCV  
  17  1:07  SCV  
  17  1:08  Refinery  
  18  1:16  Refinery  
  18  1:19  SCV  
  20  1:37  Orbital Command  
  19  1:41  Marine  
  20  1:59  Supply Depot  
  20  2:02  Marine, Engineering Bay  
  20  2:06  SCV  
  22  2:18  SCV  
  22  2:26  Factory  
  22  2:31  Terran Infantry Weapons Level 1  
  22  2:34  Barracks Reactor  
  22  2:36  Missile Turret  
  22  2:49  SCV  
  23  2:55  Supply Depot  
  23  3:01  SCV  
  24  3:10  Factory Reactor  
  24  3:13  Marine, SCV  
  24  3:14  Marine  
  27  3:25  Command Center  
  27  3:35  Marine, Starport  
  27  3:39  Marine  
  29  3:49  Cyclone  
  29  3:54  Cyclone  
  35  4:01  Marine x2  
  37  4:16  Starport Tech Lab  
  37  4:21  Marine x2  
  39  4:28  Terran Infantry Armor Level 1  
  39  4:37  Medivac  
  41  4:38  Marine  
  41  4:39  Marine  
  41  4:43  Orbital Command  
  45  4:53  Widow Mine  
  45  4:55  Widow Mine  
  45  4:58  Marine x2  
  49  5:02  Orbital Command  
  49  5:07  Medivac  
  51  5:18  SCV  
  52  5:25  Marine x2  
  52  5:26  Widow Mine  
  56  5:31  SCV  
  57  5:36  Medivac  
  59  5:43  SCV  
  59  5:46  Barracks  
  59  5:47  Marine x2  
  62  6:16  SCV  
  62  6:17  SCV  
  59  6:28  SCV  
  59  6:29  SCV  
  59  6:30  Marine  
  62  7:12  SCV x2  
  62  7:18  Barracks Tech Lab  
  62  7:27  Supply Depot  
  62  7:30  Refinery  
  62  7:33  Refinery  
  62  7:39  Armory  
  62  7:48  Marine x2, SCV x2  
  62  7:49  Supply Depot, Widow Mine x2  
  70  8:10  SCV  
Show
View Real Time Build Order
Export as new Build Order

A.I. 1 (Hard) Protoss 

Build Orders:  

Get SALT Encoding   

  12  0:00  Probe  
  13  0:13  Probe  
  14  0:19  Pylon  
  14  0:25  Probe  
  15  0:33  Probe  
  15  0:40  Gateway  
  15  0:41  Probe  
  16  0:48  Assimilator  
  17  0:51  Probe  
  18  0:59  Probe  
  18  1:00  Pylon  
  19  1:21  Probe  
  20  1:28  Zealot  
  20  1:29  Cybernetics Core  
  22  1:40  Gateway  
  22  1:45  Assimilator  
  22  1:49  Zealot  
  22  2:00  Pylon  
  24  2:06  Warp Gate  
  24  2:12  Stalker  
  26  2:27  Zealot  
  28  2:42  Zealot  
  30  2:49  Pylon  
  30  2:54  Zealot  
  32  3:09  Zealot  
  34  3:21  Stalker  
  36  3:30  Pylon  
  36  3:32  Probe  
  37  3:36  Stalker  
  39  3:44  Probe  
  40  3:51  Zealot  
  40  3:52  Forge  
  42  3:56  Probe  
  43  4:04  Probe  
  44  4:13  Pylon, Probe  
  44  4:14  Adept  
  47  4:22  Probe  
  47  4:25  Adept  
  50  6:11  Adept  
  50  6:13  Gateway  
  50  6:16  Photon Cannon  
  50  6:18  Pylon  
  40  6:19  Photon Cannon  
  40  6:20  Robotics Facility  
  40  6:21  Sentry  
  40  6:23  Stargate  
  32  6:25  Twilight Council  
  32  6:27  Nexus  
  32  6:31  Adept  
  26  6:44  Adept  
  22  6:54  Adept  
  22  6:59  Pylon  
  21  7:04  Sentry  
  21  7:06  Forge  
  21  7:08  Zealot  
  22  7:09  Observer  
  22  7:15  Pylon  
  18  7:20  Cybernetics Core  
  12  7:31  Observer  
Tags
 
Add a new tag
Caveats
  • Supply blocks, unpowered buildings, or Contaminate may cause inaccurate times.
  • Supply counts are checked every 10 seconds.